AoeStats
← SlowBoy

Arabia

508066030Analyzed
1v1 RM · 11d ago on Sep 20, 2026· 31m 48s· 2 players
Game mode
Random Map
Map size
Tiny (2 player)
Population
200
Speed
Normal
Resources
Standard
Victory
Conquest
Starting age
Dark Age
Ending age
Imperial Age
RankedLock teamsTeams togetherTeam positionsShared explorationLock speedFull tech treeHidden civsTurbo modeCheats
Victory
Defeat
🇧🇷 Khmer · Brazil
1733
+17
🇩🇪 Portuguese · Germany
1757
-17
SlowBoy
6:26 Loom
9:42 Feudal Age
10:11 Double-Bit Axe
10:15 Horse Collar
18:59 Castle Age
17:23 Gold Mining
18:11 Bloodlines
18:57 Scale Barding Armor
19:25 Forging
19:54 Bow Saw
20:09 Husbandry
20:40 Husbandry
24:57 Light Cavalry
28:05 Heavy Plow
29:37 Wheelbarrow
29:50 Town Watch
31:21 Chain Barding Armor
serkoprime
6:34 Loom
9:26 Feudal Age
9:26 Man-at-Arms
20:21 Castle Age
18:44 Fletching
18:57 Double-Bit Axe
19:35 Horse Collar
20:56 Bodkin Arrow
23:17 Crossbowman
24:12 Bow Saw
26:17 Ballistics
Connection lost

Rejoining the realm…

Still unreachable

The connection could not be restored.

Session expired

The server has moved on; the page needs a fresh start.